 Dungeon Crawl Stone Soup version 0.29-a0-577-gafbf2c5d25 (webtiles) character file.

Game seed: 13820188362042021080

4564 testman the Cleaver (level 10, 0/97 HPs)
             Began as a Meteoran Fighter on June 13, 2022.
             Was a Believer of the Shining One.
             Killed by the air
             ... invoked by Gastronok
              (35 damage)
             ... on level 9 of the Dungeon.
             The game lasted 00:16:49 (3222 turns).

testman the Cleaver (Meteoran Fighter)              Turns: 3222, Time: 00:16:50

Health: 0/97       AC: 15    Str: 20    XL:     10   Next: 99%
Magic:  11/11      EV: 10    Int: 10    God:    the Shining One [**....]
Gold:   415        SH:  5    Dex: 16    Spells: 9/9 levels left

rFire   + . .      SeeInvis .   x - +1 war axe (venom)
rCold   + + .      Faith    .   c - +0 buckler
rNeg    + . .      Spirit   .   u - +6 ring mail "Hero's Friend" {rF+ rC++ Str-2}
rPois   .          Reflect  .   (no helmet)
rElec   .          Harm     .   m - +1 cloak
rCorr   .          Rampage  .   a - +0 pair of gloves
Will    +....                   (no boots)
Stlth   +.........              (no amulet)
HPRegen 0.26/turn               (no ring)
MPRegen 0.12/turn               (no ring)

@: glowing
A: sense surroundings 2, otherworldly, glowing, explore regen, agile 1
a: Renounce Religion, Divine Shield


You were on level 9 of the Dungeon.
You worshipped the Shining One.
The Shining One was pleased with you.
You visited 1 branch of the dungeon, and saw 10 of its levels.

You collected 415 gold pieces.

Inventory:

Hand Weapons
 x - a +1 war axe of venom (weapon)
Missiles
 q - 3 boomerangs (quivered)
 s - 28 poisoned darts
 w - a curare-tipped dart
 z - a throwing net
Armour
 a - a +0 pair of gloves (worn)
 b - a +0 scale mail
 c - a +0 buckler (worn)
 m - a +1 cloak (worn)
 u - the +6 ring mail "Hero's Friend" (worn) {rF+ rC++ Str-2}
   (You found it on level 6 of the Dungeon)

   Str:       It affects your strength (-2).
   rF:        It protects you from fire.
   rC:        It greatly protects you from cold.
Jewellery
 v - a +4 ring of slaying
Wands
 i - a wand of iceblast (21)
 n - a wand of charming (6)
 r - a wand of polymorph (11)
 y - a wand of mindburst (17)
Scrolls
 e - a scroll of silence {unknown}
 g - 2 scrolls of teleportation {unknown}
 h - a scroll of immolation {unknown}
 j - 2 scrolls of identify {unknown}
 k - a scroll of amnesia {unknown}
 l - 2 scrolls of magic mapping {unknown}
 o - a scroll of enchant armour {unknown}
 p - a scroll of acquirement {unknown}
 t - a scroll of noise {unknown}
 A - a scroll of fear {unknown}
 B - a scroll of vulnerability {unknown}
 C - a scroll of poison {unknown}
Potions
 d - 2 potions of heal wounds {unknown}
 f - 3 potions of curing


   Skills:
 + Level 11.9 Fighting
 + Level 12.6 Axes
 - Level 4.0 Armour
 - Level 4.0 Shields


You had 9 spell levels left.
You didn't know any spells.
Your spell library contained the following spells:

 Spells                   Type           Power      Damage    Failure   Level
 Ignite Poison            Fire/Tmut/Pois 0%         N/A       94%         3
 Mephitic Cloud           Conj/Pois/Air  0%         N/A       94%         3
 Freezing Cloud           Conj/Ice/Air   0%         6-21      100%        5


Dungeon Overview and Level Annotations

Branches:
Dungeon (10/15)            Temple (0/1) D:7
   Lair: D:8-11         Orc: D:9-12

Altars:
Dithmenos
Fedhas
Kikubaaqudgha
Ru
Trog
Yredelemnul
The Shining One

Shops:
D:4 [[

Annotations:
D:9 Gastronok


Innate Abilities, Weirdness & Mutations

You passively map the area around you.
You are easily found by Zot.
You glow in the dark.
You regain HP and MP as you explore.
You are agile. (Dex +2)


Message History

f - 3 potions of curing (gained 1) Gastronok gurgles.
You slash Gastronok!
Gastronok is lightly wounded.
You hit Gastronok.
Gastronok is lightly wounded.
Gastronok bites you!
You hit Gastronok.
Gastronok is poisoned.
Gastronok is lightly wounded.
You slash Gastronok!
Gastronok is lightly wounded.
You hit Gastronok.
Gastronok is moderately wounded.
Gastronok's eyestalks stretch out, then return to normal size.
You completely miss Gastronok.
Gastronok is moderately wounded.
You slash Gastronok!
Gastronok looks as sick as possible!
Gastronok is moderately wounded.
Gastronok looks at you while chanting.
You struggle to resist.
You slash Gastronok!
Gastronok is moderately wounded.
You hit Gastronok.
Gastronok looks as sick as possible!
Gastronok is heavily wounded.
Gastronok waves his eye-stalks in wide circles.
The air twists around and strikes you!!
You slash Gastronok!
Gastronok is heavily wounded.
You hit Gastronok.
Gastronok looks as sick as possible!
Gastronok is heavily wounded.
You hit Gastronok but do no damage.
Gastronok looks as sick as possible!
Gastronok is heavily wounded.
Gastronok bites you!!
You hit Gastronok but do no damage.
Gastronok looks as sick as possible!
Gastronok is heavily wounded.
You hit Gastronok.
Gastronok is severely wounded.
Gastronok waves his eye-stalks in wide circles.
The air twists around and strikes you!!
You die...

* * ** ##.....###, *
###......... *
#........... *
#........... , #*
##........... ,,* ..
#.........$.., **..##*
#........... *#..###
#...@w......
####..#####........... *
###.....................
, *
.......>..###.......?^..,
* ..........#
##.........., ,
..........# ##.........
,, ...........#
#....$.... , ...........#
#......... , ...........#
#....!,, ,


You could see Gastronok (extremely poisoned).

Vanquished Creatures
  Pikel (D:5)
  2 trolls (D:10)
  Prince Ribbit (D:8)
  A wraith (D:9)
  5 yaks (D:7)
  A steam dragon (D:8)
  Menkaure (D:4)
  2 water moccasins
  3 orc warriors
  2 black bears
  An ice beast (D:8)
  A lemure (D:5)
  3 centaurs
  3 kobold brigands
  A necrophage (D:7)
  A scorpion (D:4)
  A gnoll sergeant (D:9)
  A bullfrog (D:6)
  3 wights (D:8)
  2 howler monkeys
  A vampire bat (D:9)
  3 orc priests
  3 hounds
  2 jellies (D:4)
  Ijyb (D:5)
  3 iguanas
  5 orc wizards
  7 gnolls
  3 adders
  A white imp (D:7)
  2 ufetubi
  A worm (D:3)
  A dart slug (D:1)
  17 orcs
  3 bat skeletons (D:9)
  3 bat zombies (D:9)
  5 endoplasms
  2 giant cockroaches
  A goblin (D:4)
  3 hobgoblins
  2 quokkas
  3 ball pythons
  A bat (D:1)
  3 frilled lizards
  17 kobolds
  2 rats (D:1)
131 creatures vanquished.

Notes
Turn   | Place    | Note
-------+----------+-------------------------------------------
     0 | D:1      | testman the Meteoran Fighter began the quest for the Orb.
     0 | D:1      | Reached XP level 1. HP: 19/19 MP: 2/2
    77 | D:1      | Reached XP level 2. HP: 25/26 MP: 3/3
   342 | D:2      | You fall into a shaft and drop 1 floor!
   361 | D:3      | Found a glowing golden altar of the Shining One.
   373 | D:3      | Became a worshipper of the Shining One
   413 | D:3      | Reached XP level 3. HP: 31/31 MP: 4/4
   446 | D:3      | Reached skill level 3 in Axes
   559 | D:3      | Reached XP level 4. HP: 39/40 MP: 5/5
   606 | D:4      | Noticed a scorpion
   606 | D:4      | Found Syguru's Antique Armour Emporium.
   627 | D:4      | Killed a scorpion
   628 | D:4      | Reached skill level 4 in Axes
   628 | D:4      | Reached XP level 5. HP: 11/47 MP: 6/6
   644 | D:4      | Found a basalt altar of Yredelemnul.
   700 | D:4      | HP: 1/47 [gnoll/+0 whip (7)]
   701 | D:4      | Gained mutation: Your muscles are strong. (Str +2) [potion
                  | of mutation]
   701 | D:4      | Lost mutation: Your muscles are strong. (Str +2) [potion of
                  | mutation]
   701 | D:4      | Gained mutation: You are agile. (Dex +2) [potion of
                  | mutation]
   707 | D:4      | HP: 1/47 [acid (5)]
   709 | D:4      | Reached skill level 5 in Fighting
   709 | D:4      | Reached XP level 6. HP: 1/56 MP: 7/7
   800 | D:4      | Reached skill level 5 in Axes
   801 | D:4      | Noticed a black bear
   815 | D:4      | Killed a black bear
   926 | D:4      | Reached XP level 7. HP: 53/62 MP: 8/8
   943 | D:4      | Found Kovelyadd's Armour Shoppe.
  1103 | D:5      | Entered Level 5 of the Dungeon
  1117 | D:4      | Reached skill level 6 in Axes
  1140 | D:5      | Noticed Ijyb
  1148 | D:5      | Killed Ijyb
  1257 | D:5      | Noticed a water moccasin
  1274 | D:5      | Killed a water moccasin
  1275 | D:5      | Reached XP level 8. HP: 25/71 MP: 9/9
  1337 | D:4      | Noticed Menkaure
  1349 | D:4      | Killed Menkaure
  1350 | D:4      | Reached skill level 7 in Axes
  1430 | D:5      | Noticed Pikel
  1448 | D:5      | Killed Pikel
  1449 | D:5      | Reached skill level 8 in Axes
  1449 | D:5      | Gained mutation: You passively map the area around you.
                  | [Meteoran growth]
  1449 | D:5      | Reached XP level 9. HP: 28/81 MP: 10/10
  1609 | D:6      | Identified the +6 ring mail "Hero's Friend" {rF+ rC++
                  | Str-2}
  1703 | D:6      | Reached skill level 9 in Axes
  2051 | D:7      | Found a staircase to the Ecumenical Temple.
  2175 | D:7      | Found a sacrificial altar of Ru.
  2196 | D:7      | Reached * piety under the Shining One
  2203 | D:7      | Reached skill level 10 in Axes
  2210 | D:7      | Reached skill level 10 in Fighting
  2210 | D:7      | Reached XP level 10. HP: 37/93 MP: 11/11
  2364 | D:8      | Reached skill level 11 in Axes
  2492 | D:8      | Found a bloodstained altar of Trog.
  2682 | D:8      | Noticed Prince Ribbit
  2692 | D:8      | Killed Prince Ribbit
  2862 | D:9      | Reached skill level 12 in Axes
  2870 | D:9      | Found a shadowy altar of Dithmenos.
  2977 | D:9      | Found a blossoming altar of Fedhas.
  2979 | D:9      | Reached ** piety under the Shining One
  3036 | D:9      | Found an ancient bone altar of Kikubaaqudgha.
  3126 | D:10     | Entered Level 10 of the Dungeon
  3204 | D:9      | Noticed Gastronok
  3222 | D:9      | Killed from afar by Gastronok

Illustrated notes

Levels and vault maps discovered:
D:1:      minmay_arrival_shattered_statue, layout_basic,
          chequers_ecumenical_altar_twisty
D:2:      layout_basic
D:3:      layout_rooms, vehumet_statue, nicolae_tso_carved_into_rock
D:4:      layout_cave_pods, mainiacjoe_overflow_chevrons, serial_shops, shop,
          nicolae_stop_n_shop_2, dk_noncrumbling_3, grunt_decor_resistance,
          uniq_menkaure
D:5:      layout_loops_cross, eat_drink_and_be_merry_uskayaw,
          mainiacjoe_overflow_surrounded_room, overflow_temple_1_default,
          uniq_eustachio, uniq_ijyb, uniq_pikel
D:6:      layout_cave_pods, lightli_minifort
D:7:      layout_layer_cave, old_standard_altar,
          minmay_temple_entry_statues_pillars, serial_shops, nicolae_shop_trees,
          eino_curves_02
D:8:      layout_basic, mainiacjoe_overflow_cross_hatched, uniq_prince_ribbit1
D:9:      layout_cave_pods, kennysheep_vampire_church,
          mainiacjoe_overflow_concentric_impassable, general_overflow_altar,
          mainiacjoe_overflow_alcove_1, uniq_maggie, uniq_gastronok
D:10:     layout_long_grid, lemuel_coloured_pillars_altar, david_orc_2

Skill      XL: |  1  2  3  4  5  6  7  8  9 10 |
---------------+-------------------------------+-----
Axes           | 3 4 5 6 8 10 12 | 12.6
Armour         | 4 |  4.0
Shields        | 4 |  4.0
Fighting       | 4 5 6 8 10 11 | 11.9

Action                   |  1- 3 |  4- 6 |  7- 9 | 10-12 || total
-------------------------+-------+-------+-------+-------++-------
Melee: War axe           |    48 |    68 |   194 |   122 ||   432
Throw: Boomerang         |       |       |     1 |       ||     1
  Use: Potion            |       |     5 |     2 |       ||     7
Armor: Scale mail        |    19 |    38 |    59 |       ||   116
       Ring mail         |       |       |    27 |    58 ||    85
Dodge: Dodged            |    11 |    32 |    65 |    47 ||   155
Block: Buckler           |    12 |    24 |    40 |    38 ||   114

Table legend: (Time is in decaauts)
 A = Elapsed time spent in this place.
 B = Non-inter-level travel time spent in this place.
 C = Inter-level travel time spent in this place.
 D = Time resting spent in this place.
 E = Time spent auto-exploring this place.
 F = Levels seen in this place.
 G = Mean time per level.
                   A        B        C        D        E       F      G
               +--------+--------+--------+--------+--------+-----+--------+
         Total |   3285 |   2607 |    678 |      0 |   1348 |  10 |  328.5 |
       Dungeon |   3285 |   2607 |    678 |      0 |   1348 |  10 |  328.5 |
               +--------+--------+--------+--------+--------+-----+--------+

Top non-repeatable levels by time:
     D:4: 635 daAuts
     D:8: 533 daAuts
     D:6: 430 daAuts
     D:7: 388 daAuts
     D:1: 309 daAuts
     D:5: 309 daAuts
     D:9: 292 daAuts
     D:3: 188 daAuts
     D:2: 127 daAuts
    D:10: 70 daAuts
